 Dungeon Crawl Stone Soup version 0.22-a0-469-gf26638a (webtiles) character file.

1696 HammerPanzer the Carver (level 8, -4/71 HPs)
             Began as a Green Draconian Berserker on June 12, 2018.
             Was an Elder of Trog.
             Killed from afar by an electric eel (12 damage)
             ... with a bolt of electricity
             ... on level 6 of the Dungeon.
             The game lasted 00:17:12 (4816 turns).

HammerPanzer the Carver (Green Draconian Berserker) Turns: 4816, Time: 00:17:14

Health: -4/71      AC:  9    Str: 21    XL:     8   Next: 72%
Magic:  8/8        EV: 14    Int: 10    God:    Trog [****..]
Gold:   271        SH:  0    Dex: 12    Spells: 7/7 levels left

rFire    . . .     SeeInvis +   v - +0 long sword
rCold    . . .     Gourm    .   (no shield)
rNeg     . . .     Faith    .   (armour unavailable)
rPois    +         Spirit   .   m - +0 hat {MR+}
rElec    .         Reflect  .   (no cloak)
rCorr    .         Harm     +   s - +2 pair of gloves of Raceisoi {Int+3}
MR       +....                  (no boots)
Stlth    +.........             p - amulet of harm
HPRegen  0.21/turn              k - ring of see invisible
MPRegen  0.11/turn              (no ring)

@: short of breath, drained
A: breathe noxious fumes, unfitting armour, poison resistance, cold-blooded, AC
+6
a: Breathe Noxious Fumes, Berserk, Trog's Hand, Brothers in Arms, Renounce
Religion


You were on level 6 of the Dungeon.
You worshipped Trog.
Trog was greatly pleased with you.
You were hungry.

You visited 1 branch of the dungeon, and saw 6 of its levels.

You collected 271 gold pieces.

Inventory:

Hand Weapons
 a - a +1 falchion
 u - a +0 flail
 v - a +0 long sword (weapon)
Missiles
 t - a tomahawk of dispersal (quivered)
Armour
 m - a +0 hat of magic resistance (worn)
 s - the +2 pair of gloves of Raceisoi (worn) {Int+3}
   (You found it on level 4 of the Dungeon)

   It affects your intelligence (+3).
Jewellery
 k - a ring of see invisible (left hand)
 p - an amulet of harm (around neck)
Wands
 n - a wand of flame (20)
Scrolls
 h - a scroll of enchant weapon
 j - 3 scrolls of remove curse
 l - a scroll of fear
 r - a scroll of immolation {unknown}
Potions
 c - 3 potions of might
 d - 2 potions of agility
 e - 2 potions of lignification
 f - a potion of haste {unknown}
 i - 3 potions of curing
 o - a potion of heal wounds
 q - a potion of flight {unknown}
Comestibles
 b - 12 rations


   Skills:
 + Level 6.6(6.4) Fighting
 * Level 8.0(7.9) Long Blades
 + Level 3.7(3.6) Maces & Flails
 + Level 5.4(5.2) Dodging


You had 7 spell levels left.
You didn't know any spells.
Your spell library was empty.

Dungeon Overview and Level Annotations

Branches:
Dungeon (6/15)             Temple (0/1) D:5

Altars:
Elyvilon
Gozag
Nemelex Xobeh
Okawaru
Qazlal
Uskayaw
Zin


Innate Abilities, Weirdness & Mutations

You can breathe blasts of noxious fumes.
Your lurid green scales are hard. (AC +6)
You cannot fit into any form of body armour.
Your system is resistant to poisons. (rPois)
You are cold-blooded and may be slowed by cold attacks.


Message History

You exhale a blast of noxious fumes.
The blast of choking fumes hits the electric eel.
The electric eel is lightly wounded.
You feel somewhat more hungry.
The electric eel is engulfed in noxious fumes.
The electric eel appears confused.
The electric eel shoots out a bolt of lightning at you!
The bolt of electricity hits you!
The electric eel shoots out a bolt of lightning at you!
The bolt of electricity hits the plant.
The bolt of electricity hits you!
* * * LOW HITPOINT WARNING * * *
The bolt of electricity hits you!
The electric eel is engulfed in noxious fumes.
The electric eel appears confused.
The electric eel shoots out a bolt of lightning at you!
The bolt of electricity hits you!
* * * LOW HITPOINT WARNING * * *
The electric eel shoots out a bolt of lightning at you!
The bolt of electricity hits the plant. x2; The bolt of electricity hits you!
You die...

####### #####
#########...).######.....
##.........###........#
#...########.##......##
##'##≈;.P..#..######.######
#.#≈≈.PP..'#.# #.......
#.#≈)/...@.#≈# ###########
#.#§;§§§...#≈###[....(....
#≈##;(≈≈..##≈≈##.#########
##≈##########[##.#
##≈##≈.(...#..#.#
#)#≈≈..P..'#.#.####
#.#≈.[P....#≈#....#
#.#≈≈≈≈P...#≈#.##.#
#.##≈.≈P..##≈#.##.#


You could see 3 electric eels.

Vanquished Creatures
  A two-headed ogre (D:5)
  A sky beast (D:5)
  A centaur (D:6)
  2 bullfrogs (D:6)
  A wight (D:6)
  3 electric eels (D:6)
  A crimson imp (D:6)
  4 hounds
  A gnoll shaman (D:6)
  5 orc priests
  An orc wizard (D:4)
  An iguana (D:4)
  2 worker ants
  A hound skeleton (D:4)
  A howler monkey skeleton (D:4)
  3 adders
  An ooze (D:1)
  2 worms
  2 dart slugs
  5 leopard geckos
  16 orcs
  2 ball pythons
  4 giant cockroaches
  6 goblins
  11 hobgoblins
  2 jackals (D:5)
  4 quokkas
  9 bats
  4 frilled lizards
  6 kobolds
  9 rats
112 creatures vanquished.

Notes
Turn   | Place    | Note
-------+----------+-------------------------------------------
     0 | D:1      | HammerPanzer the Draconian Berserker began the quest for the Orb.
     0 | D:1      | Reached XP level 1. HP: 19/19 MP: 1/1
   372 | D:1      | Reached XP level 2. HP: 26/26 MP: 2/2
   513 | D:1      | Reached ** piety under Trog
   545 | D:1      | Reached XP level 3. HP: 30/33 MP: 3/3
   881 | D:1      | Found a sparkling altar of Nemelex Xobeh.
  1117 | D:2      | Found a white marble altar of Elyvilon.
  1124 | D:2      | Reached skill level 4 in Long Blades
  1469 | D:3      | Reached XP level 4. HP: 40/40 MP: 4/4
  1574 | D:3      | Found an opulent altar of Gozag.
  1681 | D:3      | Found an iron altar of Okawaru.
  2153 | D:4      | Got a pair of ichor-stained gloves
  2206 | D:4      | Reached *** piety under Trog
  2206 | D:4      | Reached XP level 5. HP: 46/46 MP: 5/5
  2428 | D:4      | Reached skill level 5 in Long Blades
  2667 | D:4      | Reached XP level 6. HP: 53/53 MP: 6/6
  2897 | D:4      | Found a hide-covered altar of Uskayaw.
  2898 | D:4      | Found a glowing silver altar of Zin.
  3029 | D:5      | Entered Level 5 of the Dungeon
  3038 | D:5      | Noticed a two-headed ogre
  3043 | D:5      | Killed a two-headed ogre
  3043 | D:5      | Reached skill level 5 in Fighting
  3043 | D:5      | Reached skill level 7 in Long Blades
  3043 | D:5      | Your scales start taking on a lurid green colour.
  3043 | D:5      | Reached XP level 7. HP: 46/62 MP: 7/7
  3043 | D:5      | Gained mutation: Your system is resistant to poisons. (rPois) [Green Draconian growth]
  3043 | D:5      | Reached XP level 8. HP: 52/70 MP: 8/8
  3212 | D:5      | Found a staircase to the Ecumenical Temple.
  3339 | D:5      | Identified the +2 pair of gloves of Raceisoi {Int+3} (You found it on level 4 of the Dungeon)
  4022 | D:6      | Reached **** piety under Trog
  4065 | D:6      | Found a stormy altar of Qazlal.
  4102 | D:6      | Reached skill level 5 in Dodging
  4685 | D:6      | Reached skill level 8 in Long Blades
  4816 | D:6      | Killed from afar by an electric eel

Vault maps used:
D:1:      scummos_arrival_simple_fountains, grunt_decor_fettered, st_stairs_12,
          corner_web_ring, nemelex_xobeh_ov_fountains_minmay
D:2:      cheibrodos_old_hovel, old_standard_altar, first_ration
D:3:      nicolae_gozag_seed_capital, minivault_19, kennysheep_pointless_box,
          okawaru_gym_becter
D:4:      lemuel_crystal_altar, zin_statuary, corexii_leaking_fountain
D:5:      minmay_temple_entry_junction_2
D:6:      cheibrodos_two_vegetables, overflow_temple_1_default,
          kennysheep_generic_room_4

Skill      XL: |  1  2  3  4  5  6  7  8 |
---------------+-------------------------+-----
Dodging        | 3 4 5 |  5.4
Long Blades    | 4 5 7 8 |  8.0
Fighting       | 4 5 6 |  6.6
Maces & Flails | 2 3 |  3.7

Action                   |  1- 3 |  4- 6 |  7- 9 || total
-------------------------+-------+-------+-------++-------
Melee: Falchion          |   112 |   110 |   101 ||   323
       Tailslap          |    12 |    18 |    21 ||    51
       Long sword        |       |       |     9 ||     9
Throw: Tomahawk          |     4 |       |       ||     4
Invok: Berserk           |     4 |     3 |     1 ||     8
 Abil: Breathe Noxious F |       |       |     3 ||     3
  Use: Scroll            |    10 |       |     3 ||    13
  Eat: Chunk             |     6 |     7 |     7 ||    20
Armor: Skin              |    38 |    36 |    13 ||    87
Dodge: Dodged            |    57 |    65 |    64 ||   186
       Rpst.: Falchion   |    10 |    23 |    18 ||    51

Table legend:
 A = Spawn XP
 B = Non-spawn XP
 C = Spawn XP percentage of total XP
 D = Spawn monster count
 E = Non-spawn monster count
 F = Spawn count percentage of total count
 G = Total turns spent on level
                    A         B        C        D         E        F      G
               +---------+---------+-------+---------+---------+-------+---------
         Total |       0 |    2424 |   0.0 |       0 |     112 |   0.0 |  4816
               +---------+---------+-------+---------+---------+-------+---------
           D:1 |       0 |      55 |   0.0 |       0 |      29 |   0.0 |   918
           D:2 |       0 |      37 |   0.0 |       0 |      19 |   0.0 |   539
           D:3 |       0 |      25 |   0.0 |       0 |      13 |   0.0 |   668
           D:4 |       0 |     409 |   0.0 |       0 |      21 |   0.0 |   904
           D:5 |       0 |    1170 |   0.0 |       0 |      15 |   0.0 |   964
           D:6 |       0 |     728 |   0.0 |       0 |      15 |   0.0 |   823
               +---------+---------+-------+---------+---------+-------+---------
